 Dungeon Crawl Stone Soup version 0.23-a0-329-g6f3f904 (webtiles) character file.

146 galech the Covered (level 5, 0/41 HPs)
             Began as a Demonspawn Fighter on Oct 16, 2018.
             Killed by nerve-wracking pain
             ... invoked by Grinder
              (7 damage)
             ... on level 3 of the Dungeon.
             The game lasted 00:02:52 (2732 turns).

galech the Covered (Demonspawn Fighter)             Turns: 2732, Time: 00:02:53

Health: 0/41       AC:  8    Str: 16    XL:     5   Next: 7%
Magic:  5/5        EV: 10    Int: 10    God:
Gold:   121        SH:  9    Dex: 13    Spells: 4/4 levels left

rFire    . . .     SeeInvis .   a - +0 war axe
rCold    . . .     Gourm    .   c - +0 shield
rNeg     . . .     Faith    .   b - +0 scale mail
rPois    .         Spirit   .   n - +0 helmet
rElec    .         Reflect  .   (no cloak)
rCorr    .         Harm     .   (no gloves)
MR       .....                  (no boots)
Stlth    ..........             (no amulet)
HPRegen  0.13/turn              (no ring)
MPRegen  0.09/turn              (no ring)

@: no status effects
A: repulsion field 2, powered by pain 1
a: no special abilities


You were on level 3 of the Dungeon.
You were not hungry.

You visited 1 branch of the dungeon, and saw 3 of its levels.

You collected 121 gold pieces.

Inventory:

Hand Weapons
 a - a +0 war axe (weapon)
Armour
 b - a +0 scale mail (worn)
 c - a +0 shield (worn)
 n - a +0 helmet (worn)
Scrolls
 g - a scroll of noise {unknown}
 h - a scroll of magic mapping {unknown}
 i - 2 scrolls of enchant weapon {unknown}
 k - 5 scrolls of teleportation {unknown}
 l - 2 scrolls of identify {unknown}
 o - a scroll of random uselessness {unknown}
Potions
 d - a potion of might
 e - 4 potions of heal wounds {unknown}
 j - a potion of lignification {unknown}
 m - a potion of magic {unknown}
Comestibles
 f - 5 rations
 p - a chunk of flesh


   Skills:
 + Level 3.3 Fighting
 + Level 3.0 Axes
 + Level 3.5 Armour
 + Level 1.2 Dodging
 + Level 3.3 Shields


You had 4 spell levels left.
You didn't know any spells.
Your spell library was empty.

Dungeon Overview and Level Annotations

Branches:
Dungeon (3/15)

Altars:

Annotations:
D:2 1 runed door
D:3 Grinder


Innate Abilities, Weirdness & Mutations

You are surrounded by a moderate repulsion field. (EV +3)
You sometimes gain a little power by taking damage.


Message History

Grinder hits you.
You writhe in agony.
* * * LOW HITPOINT WARNING * * *
You closely miss Grinder.
Grinder is severely wounded.
Grinder gestures at you. You resist with significant effort.
Grinder gestures at you. Pain shoots through your body!
* * * LOW HITPOINT WARNING * * *
You closely miss Grinder.
Grinder is severely wounded.
Grinder hits you.
* * * LOW HITPOINT WARNING * * *
You writhe in agony.
* * * LOW HITPOINT WARNING * * *
You slash Grinder!
Grinder is almost dead.
Grinder gestures at you. Pain shoots through your body!
You die...

######### #####........
##############............
..........@5.'............
##############..<..####+##
#..............#
##.#.#.........#'####
..#.#..######'#'###
#####.#.#..#.........(#
......................#
##.......#............# .
.........+..........### ..


You could see Grinder.

Vanquished Creatures
  Terence (D:2)
  Robin (D:2)
  3 adders (D:2)
  A worm (D:3)
  A dart slug (D:2)
  A ball python (D:2)
  5 giant cockroaches
  6 goblins
  15 hobgoblins
  10 jackals
  12 kobolds
  6 bats
  4 frilled lizards
  5 rats
71 creatures vanquished.

Notes
Turn   | Place    | Note
-------+----------+-------------------------------------------
     0 | D:1      | galech the Demonspawn Fighter began the quest for the Orb.
     0 | D:1      | Reached XP level 1. HP: 18/18 MP: 1/1
   257 | D:1      | Gained mutation: You are surrounded by a mild repulsion
                  | field. (EV +2) [demonic ancestry]
   257 | D:1      | Reached XP level 2. HP: 24/24 MP: 2/2
   739 | D:1      | Reached XP level 3. HP: 23/29 MP: 3/3
  1082 | D:2      | Noticed Robin
  1397 | D:2      | Killed Robin
  1529 | D:2      | Gained mutation: You are surrounded by a moderate repulsion
                  | field. (EV +3) [demonic ancestry]
  1529 | D:2      | Reached XP level 4. HP: 27/35 MP: 4/4
  1617 | D:2      | Reached skill level 1 in Dodging
  1820 | D:2      | Found a runed door.
  2030 | D:2      | Noticed Terence
  2039 | D:2      | Killed Terence
  2505 | D:3      | Noticed Grinder
  2506 | D:3      | Paralysed by Grinder for 3 turns
  2532 | D:2      | Gained mutation: You sometimes gain a little power by
                  | taking damage. [demonic ancestry]
  2532 | D:2      | Reached XP level 5. HP: 41/41 MP: 5/5
  2732 | D:3      | Killed from afar by Grinder

Vault maps used:
D:1:      dpeg_arrival_court, minmay_unequal
D:2:      first_ration, uniq_robin, uniq_crazy_yiuf_cottage, uniq_terence
D:3:      grunt_temple_overflow_cloverleaf, uniq_grinder, uniq_ijyb,
          uniq_natasha

Skill      XL: |  1  2  3  4 |
---------------+-------------+-----
Armour         | 3 |  3.5
Axes           | 2 3 |  3.0
Shields        | 3 |  3.3
Dodging        | 1 |  1.2
Fighting       | |  3.3

Action                   |  1- 3 |  4- 6 || total
-------------------------+-------+-------++-------
Melee: War axe           |   138 |    85 ||   223
  Eat: Chunk             |     2 |     4 ||     6
Armor: Scale mail        |    57 |    21 ||    78
Dodge: Dodged            |    69 |    28 ||    97
Block: Shield            |    76 |    51 ||   127

Table legend:
 A = Non-vault XP
 B = Vault XP
 C = Vault XP percentage of total XP
 D = Non-vault monster count
 E = Vault monster count
 F = Vault count percentage of total count
                 A         B        C        D         E       F
            +---------+---------+-------+---------+---------+-------
      Total |     132 |      77 |  36.8 |      55 |      16 |  22.5
            +---------+---------+-------+---------+---------+-------
        D:1 |      43 |      12 |  21.8 |      25 |       7 |  21.9
        D:2 |      79 |      65 |  45.1 |      25 |       9 |  26.5
        D:3 |      10 |       0 |   0.0 |       5 |       0 |   0.0
            +---------+---------+-------+---------+---------+-------
